 Dungeon Crawl Stone Soup version 0.28-a0-1382-g92835e5c71 (webtiles) character file.

Game seed: 16585201037965517688

3171 avis the Grappler (level 9, -4/79 (81) HPs)
             Began as a Naga Transmuter on Jan 1, 2022.
             Was a Follower of Cheibriados.
             Slain by a wight (12 damage)
             ... on level 8 of the Dungeon.
             The game lasted 00:48:22 (8517 turns).

avis the Grappler (Naga Transmuter)                 Turns: 8517, Time: 00:48:22

HP:   -4/79 (81)    AC:  2    Str: 17    XL:     9   Next: 94%
MP:   10/15         EV: 20    Int: 16    God:    Cheibriados [*.....]
Gold: 300           SH:  0    Dex: 20    Spells: 3/16 levels left

rFire   . . .      SeeInvis +     - Unarmed
rCold   . . .      Faith    +   (shield currently unavailable)
rNeg    + . .      Spirit   .   (armour currently unavailable)
rPois   x          Reflect  .   (helmet currently unavailable)
rElec   .          Harm     .   (cloak currently unavailable)
rCorr   .          Rampage  .   (gloves currently unavailable)
Will    +....                   (no barding)
Stlth   +++.......              u - amulet of faith
HPRegen 0.23/turn               r - ring of positive energy
MPRegen 0.14/turn               (no ring)

@: spider-form, very slightly contaminated, lightly drained, very slow
A: venomous fangs, AC +3, tiny, see invisible, (deformed body), (poison
resistance), (slowness 2), spit poison 1, (naga tail 1)
a: Spit Poison, End Transformation, Renounce Religion, Bend Time


You were on level 8 of the Dungeon.
You worshipped Cheibriados.
Cheibriados was aware of your devotion.
You were a venomous arachnid creature.
You visited 2 branches of the dungeon, and saw 9 of its levels.

You collected 300 gold pieces.

Inventory:

Hand Weapons
 a - a +0 lajatang of venom
Missiles
 o - 28 poisoned darts
Armour
 c - an orb of energy
 k - a +1 robe (melded)
Jewellery
 r - a ring of positive energy (left front leg)
 u - an amulet of faith (around neck)
Wands
 y - a wand of flame (21)
Scrolls
 b - a scroll of enchant armour
 e - 2 scrolls of teleportation
 i - a scroll of fear
 q - a scroll of magic mapping
Potions
 f - a potion of magic
 h - a potion of flight
 m - 2 potions of haste {unknown}
 t - 2 potions of might {unknown}
 v - a potion of cancellation {unknown}
 w - 2 potions of curing
 B - a potion of resistance {unknown}


   Skills:
 - Level 5.0 Fighting
 - Level 3.0 Dodging
 - Level 3.0 Stealth
 * Level 10.1 Unarmed Combat
 - Level 4.0 Spellcasting
 - Level 4.0 Transmutations
 - Level 4.0 Ice Magic
 - Level 2.0 Air Magic
 - Level 2.0 Poison Magic


You had 3 spell levels left.
You knew the following spells:

 Your Spells              Type           Power      Damage    Failure   Level
a - Beastly Appendage     Tmut           32%        N/A       11%         1
c - Passwall              Tmut/Erth      7%         N/A       26%         2
f - Swiftness             Air            9%         N/A       43%         3
p - Spider Form           Tmut/Pois      12%        N/A       32%         3
q - Ice Form              Ice/Tmut       16%        N/A       54%         4

Your spell library contained the following spells:

 Spells                   Type           Power      Damage    Failure   Level
 Wereblood                Tmut           16%        N/A       14%         2
 Magic Dart               Conj           12%        1d3       36%         1
 Searing Ray              Conj           6%         2d4       47%         2
 Fulminant Prism          Conj/Hex       1%         3d6       95%         4


Dungeon Overview and Level Annotations

Branches:
Dungeon (8/15)             Temple (1/1) D:7
   Lair: D:8-11

Altars:
Ashenzari
Cheibriados
Dithmenos
Elyvilon
Fedhas
Gozag
Hepliaklqana
Kikubaaqudgha
Nemelex Xobeh
Okawaru
Qazlal
Ru
Sif Muna
Trog
Uskayaw
Vehumet
Wu Jian
Xom
Yredelemnul
Zin
The Shining One

Shops:
D:8 (


Innate Abilities, Weirdness & Mutations

You are a venomous arachnid creature.
You have poisonous fangs.
You are tiny and dextrous.
Your spellcasting is less reliable in this form.
Your armour is entirely melded.
You are incapable of wielding weapons or throwing items.
((Your serpentine skin is tough. (AC +3)))
You have supernaturally acute eyesight. (SInv)
((Armour fits poorly on your strangely shaped body.))
((Your system is resistant to poisons. (rPois)))
((You cover ground very slowly.))
You can spit poison.
((You have a snake-like lower body.))


Message History

You can now bend time to slow others.
Cheibriados raises the support of your attributes as your movement slows.
Your Unarmed Combat skill increases to level 10!
The wight closely misses you.
The wight hits you with a +4 halberd of freezing.
The wight freezes you.
Things that are here:
a +4 long sword; a +0 robe You hit the wight.
The wight is lightly damaged.
You bite the wight!
You destroy the wight!
Cheibriados thoroughly appreciates the change of pace.
Your transformation has ended.
Your +1 robe unmelds from your body.
The wight hits you with a +4 mace!
Casting: Spider Form (dangerous; 14% risk of failure)
Confirm with . or Enter, or press ? or * to list all spells.
You miscast Spider Form.
You are very lightly contaminated with residual magic.
Nothing appears to happen.
The wight hits you from afar with a +0 spear.
The sky beast flickers out of sight for a moment.
The wight hits you with a +4 mace!
* * * LOW HITPOINT WARNING * * *
You partially resist.
You feel drained.
* * * LOW HITPOINT WARNING * * *
The wight closely misses you.
Casting: Spider Form (dangerous; 14% risk of failure)
Confirm with . or Enter, or press ? or * to list all spells.
You turn into a venomous arachnid creature.
Your +1 robe melds into your body.
The wight hits you from afar with a +0 spear!
* * * LOW HITPOINT WARNING * * *
The wight closely misses you.
Okay, then.
As you read the scroll of fear, it crumbles to dust.
You assume a fearsome visage.
The sky beast looks frightened!
The wight is unaffected. x3; The wight barely misses you.
Cornered, the sky beast turns to fight!
The wight hits you with a +4 mace!
You die...

####...##.##................
#...##.##...............y
#...##.##†.............).
#...##.##.....).z........
#.).##.##.....∩z.z.......
***#####...##.##.......z..<.....
*,..........#.########†#####.###
*,#########)#.########†#****,**
*,#<........#..szz.)Yz.#*,,,,,**
**,######################*,,,,,,,
*,,,,,,,,,,,,,,,,,,,,,,,,+,,,,,,,
**,***********************,,,,,,,
**,*,,,,,* ******,, *,,*,***,*
*,, *,,*,***,* *,, **,,,,,,,* *,,
**,*,***** ***


You could see a sky beast (invisible) and 3 wights.

Vanquished Creatures
  A two-headed ogre (D:7)
  A hornet (D:8)
  2 orc warriors
  An ice beast (D:5)
  A black bear (D:6)
  A centaur (D:6)
  A kobold brigand (D:4)
  3 bullfrogs
  A gnoll sergeant (D:6)
  3 scorpions
  A water moccasin zombie (D:6)
  10 killer bees
  A howler monkey (D:7)
  2 wights (D:8)
  2 bullfrog zombies (D:5)
  2 jellies
  An orc priest (D:2)
  6 hounds
  A bullfrog skeleton (D:4)
  3 iguanas
  A scorpion zombie (D:5)
  4 orc wizards
  A killer bee zombie (D:7)
  8 gnolls
  10 adders
  2 worms
  5 dart slugs
  8 orcs
  8 ball pythons
  9 endoplasms
  4 giant cockroaches
  10 goblins
  5 hobgoblins
  2 jackals (D:2)
  2 quokkas
  8 bats
  6 kobolds
  2 rats
139 creatures vanquished.

Vanquished Creatures (others)
  19 plants
19 creatures vanquished.

Grand Total: 158 creatures vanquished

Notes
Turn   | Place    | Note
-------+----------+-------------------------------------------
     0 | D:1      | avis the Naga Transmuter began the quest for the Orb.
     0 | D:1      | Reached XP level 1. HP: 18/18 MP: 3/3
    30 | D:1      | Reached skill level 1 in Stealth
    46 | D:1      | Reached XP level 2. HP: 22/25 MP: 1/5
   340 | D:1      | Found a faded altar of an unknown god.
   457 | D:1      | Reached XP level 3. HP: 30/32 MP: 3/6
   461 | D:1      | Learned a level 3 spell: Spider Form
   544 | D:1      | Reached skill level 1 in Poison Magic
  1235 | D:2      | Reached XP level 4. HP: 35/39 MP: 3/7
  1255 | D:2      | Reached skill level 4 in Unarmed Combat
  1513 | D:2      | Reached XP level 5. HP: 45/45 MP: 4/8
  2018 | D:2      | Learned a level 4 spell: Ice Form
  2503 | D:3      | Reached skill level 5 in Unarmed Combat
  2854 | D:4      | Reached XP level 6. HP: 41/56 MP: 1/9
  3414 | D:4      | Reached XP level 7. HP: 53/62 MP: 8/10
  3530 | D:4      | Reached skill level 6 in Unarmed Combat
  3769 | D:5      | Entered Level 5 of the Dungeon
  4014 | D:5      | Reached skill level 7 in Unarmed Combat
  4231 | D:5      | Reached XP level 8. HP: 41/69 MP: 8/11
  4772 | D:5      | Upgraded the game from 0.28-a0-1374-ga75cb3825e to
                  | 0.28-a0-1382-g92835e5c71
  5074 | D:6      | Learned a level 2 spell: Passwall
  5294 | D:6      | Learned a level 3 spell: Swiftness
  5555 | D:6      | Reached skill level 1 in Air Magic
  6631 | D:7      | Found a staircase to the Ecumenical Temple.
  6682 | D:7      | Reached skill level 8 in Unarmed Combat
  6682 | D:7      | Reached XP level 9. HP: 57/78 MP: 10/13
  6730 | Temple   | Entered the Ecumenical Temple
  7504 | Temple   | Became a worshipper of Cheibriados the Contemplative
  7973 | D:7      | Noticed a two-headed ogre
  7982 | D:7      | Killed a two-headed ogre
  7983 | D:7      | Reached skill level 9 in Unarmed Combat
  7983 | D:7      | Reached skill level 5 in Fighting
  8461 | D:8      | Found Gotwoni's Weapon Boutique.
  8462 | D:8      | Noticed a hornet
  8472 | D:8      | Killed a hornet
  8507 | D:8      | Reached * piety under Cheibriados
  8508 | D:8      | Reached skill level 10 in Unarmed Combat
  8517 | D:8      | Slain by a wight

Illustrated notes

Levels and vault maps discovered:
D:1:      amcnicky_arrival_gap_in_the_tavern_cellar, layout_rooms,
          dreamdust_ecumenical_altar_hidden_monk_grotto, minmay_statues_item,
          minmay_tree_intersection
D:2:      cheibrodos_pilgrimage, layout_loops_ring, corexii_shack,
          serial_bayou_lagoon_a
D:3:      layout_basic
D:4:      layout_rooms, corexii_item_surrounded_by_moat, serial_bayou_pond_b
D:5:      layout_basic
D:6:      layout_basic, hex_intersection
D:7:      layout_basic, minmay_temple_entry_slanted,
          chequers_serial_rivers_micro_a
D:8:      layout_basic, makhleb_altar_promises_db, enter_bailey_2,
          ebering_ghost_reflecting_pool, serial_shops, shop
Temple:   mainiacjoe_temple_starburst

Skill      XL: |  1  2  3  4  5  6  7  8  9 |
---------------+----------------------------+-----
Stealth        | 2 3 |  3.0
Fighting       | 2 3 4 5 |  5.0
Poison Magic   | 2 |  2.0
Unarmed Combat | 4 5 7 8 10 | 10.1
Transmutations | 3 4 |  4.0
Ice Magic      | 2 3 4 |  4.0
Dodging        | 2 3 |  3.0
Spellcasting   | 3 4 |  4.0
Air Magic      | 2 |  2.0

Action                   |  1- 3 |  4- 6 |  7- 9 || total
-------------------------+-------+-------+-------++-------
Melee: Unarmed           |    60 |    75 |   237 ||   372
       Headbutt          |     7 |     1 |     2 ||    10
       Punch             |       |     2 |     1 ||     3
 Cast: Beastly Appendage |    11 |     3 |     2 ||    16
       Spider Form       |     6 |    20 |    39 ||    65
 Abil: Spit Poison       |    24 |    31 |     9 ||    64
  Use: Scroll            |       |       |    14 ||    14
       Potion            |       |       |     1 ||     1
 Stab: Sleeping          |     2 |     3 |     3 ||     8
Armor: Robe              |    17 |     6 |     1 ||    24
       Skin              |     1 |     2 |     8 ||    11
Dodge: Dodged            |    38 |    43 |   194 ||   275

Table legend: (Time is in decaauts)
 A = Elapsed time spent in this place.
 B = Non-inter-level travel time spent in this place.
 C = Inter-level travel time spent in this place.
 D = Time resting spent in this place.
 E = Time spent auto-exploring this place.
 F = Levels seen in this place.
 G = Mean time per level.
                   A        B        C        D        E       F      G
               +--------+--------+--------+--------+--------+-----+--------+
         Total |  10627 |   9590 |   1037 |   1905 |   5660 |   9 | 1180.8 |
       Dungeon |   9405 |   8611 |    794 |   1905 |   4771 |   8 | 1175.6 |
        Temple |   1222 |    980 |    242 |      0 |    889 |   1 | 1222.0 |
               +--------+--------+--------+--------+--------+-----+--------+

Top non-repeatable levels by time:
     D:6: 1840 daAuts
     D:5: 1488 daAuts
     D:7: 1408 daAuts
     D:1: 1303 daAuts
     D:2: 1255 daAuts
  Temple: 1222 daAuts
     D:4: 1196 daAuts
     D:3: 785 daAuts
     D:8: 126 daAuts
